 Dungeon Crawl Stone Soup version 0.23.1-37-gaa34b87 (webtiles) character file.

Game seed: 13756018678922418824

73618 Fang the Fighter (level 15, 0/151 HPs)
             Began as a Gargoyle Berserker on Mar 20, 2019.
             Was the Champion of Trog.
             Slain by a hog (4 damage)
             ... led by Kirke
             ... on level 15 of the Dungeon on Mar 21, 2019.
             The game lasted 00:27:39 (21246 turns).

Fang the Fighter (Gargoyle Berserker)              Turns: 21246, Time: 00:27:39

Health: 0/151      AC:  0    Str: 31    XL:     15   Next: 44%
Magic:  15/15      EV: 20    Int:  9    God:    Trog [******]
Gold:   1664       SH:  0    Dex:  9    Spells: 14/14 levels left

rFire    . . .     SeeInvis .   (weapon currently unavailable)
rCold    . . .     Gourm    .   (shield currently unavailable)
rNeg     + . .     Faith    .   (armour currently unavailable)
rPois    ∞         Spirit   .   (helmet currently unavailable)
rElec    .         Reflect  .   (cloak currently unavailable)
rCorr    .         Harm     .   (gloves currently unavailable)
MR       +....                  (boots currently unavailable)
Stlth    ..........             (no amulet)
HPRegen  0.35/turn              (ring currently unavailable)
MPRegen  0.14/turn              (ring currently unavailable)

@: berserking, pig-form, flying, slowed, very quick
A: small, negative energy resistance 1, petrification resistance, rot immunity,
AC +11
a: Berserk, Trog's Hand, Brothers in Arms, Renounce Religion


You were on level 15 of the Dungeon.
You worshipped Trog.
Trog was exalted by your worship.
You were very hungry.
You were a filthy swine.
You visited 3 branches of the dungeon, and saw 22 of its levels.

You collected 1664 gold pieces.

Inventory:

Hand Weapons
 m - a +6 battleaxe
 q - a +3 battleaxe of freezing
 r - the +11 battleaxe "Ruokh" (melded) {chop, rPois}
   (You found it on level 5 of the Lair of Beasts)

   It inflicts extra damage upon your enemies.
   It protects you from poison.
 J - a +2 antimagic war axe
Armour
 k - a +4 plate armour (melded)
 o - the +3 cloak of Leaves (melded) {rPois rC+ rCorr}
   (You found it on level 1 of the Lair of Beasts)

   It protects you from cold.
   It protects you from poison.
   It provides partial protection from all sources of acid and corrosion.
 u - a +1 hat of see invisible (melded)
 y - a +2 pair of gloves (melded)
Jewellery
 b - a +3 ring of protection
 f - an uncursed ring of protection from fire
 l - the ring of Yesterday {Fire rElec}
   (You found it on level 10 of the Dungeon)

   [ring of fire]

   It enhances your fire magic.
   It protects you from fire.
   It makes you vulnerable to cold.
   It insulates you from electricity.
 D - the ring "Coeggivao" (melded) {AC+5 Dex+8}
   (You found it on level 4 of the Lair of Beasts)

   [ring of protection]

   It affects your AC (+5).
   It affects your dexterity (+8).
 E - an uncursed ring of positive energy
 F - an uncursed ring of stealth
 G - a ring of see invisible (melded)
 H - a +3 ring of strength
 L - a +2 ring of evasion {unknown}
Wands
 d - a wand of iceblast (4)
 s - a wand of polymorph (8)
 t - a wand of flame (58)
 v - a wand of paralysis (13)
 z - a wand of enslavement (10)
Scrolls
 a - 9 scrolls of teleportation
 g - 10 scrolls of remove curse
 p - 6 scrolls of blinking
 x - 3 scrolls of fog
 C - 2 scrolls of magic mapping
 I - 5 scrolls of identify
Potions
 e - 2 potions of heal wounds
 h - a potion of haste
 i - 10 potions of curing
 j - 3 potions of resistance
 n - 2 potions of berserk rage
 w - a potion of mutation
 A - 3 potions of brilliance
 B - 3 potions of agility
Comestibles
 c - 35 rations
 K - 6 chunks of flesh


   Skills:
 + Level 14.6 Fighting
 + Level 12.6 Axes
 + Level 14.5 Armour
 + Level 11.6 Dodging


You had 14 spell levels left.
You didn't know any spells.
Your spell library was empty.

Dungeon Overview and Level Annotations

Branches:
Dungeon (15/15)            Temple (1/1) D:5            Lair (6/6) D:10
 Shoals (0/4) Lair:3       Spider (0/4) Lair:2        Slime (0/5) Lair:5
    Orc (0/2) D:10         Vaults (0/5) D:13         Depths (0/5) D:15

Altars:
Ashenzari
Cheibriados
Elyvilon
Fedhas
Gozag
Okawaru
Qazlal
Sif Muna
Wu Jian
Yredelemnul
Zin
Beogh
Jiyva

Shops:
D:4 *}[%   D:12 !   D:14 (

Annotations:
D:15 Kirke
Lair:2 3 runed translucent doors, Fang's ghost, journeyman GrBe


Innate Abilities, Weirdness & Mutations

You are resistant to torment.
((Your stone body is resilient. (AC +11)))
You are immune to poison.
((Your large and strong wings let you fly indefinitely.))
You resist negative energy. (rN+)
((You are resistant to electric shocks. (rElec)))
((You can survive without breathing.))
You are immune to petrification.
You are immune to rotting.


Message History

* * * LOW HITPOINT WARNING * * *
The hog bites you!
* * * LOW HITPOINT WARNING * * *
Kirke misses you. The hog bites you!
* * * LOW HITPOINT WARNING * * *
The hog closely misses you. The hog completely misses you.
Kirke closely misses you.
You bite Kirke!
Kirke is lightly wounded.
The hog barely misses you. The hog closely misses you. The hog bites you.
* * * LOW HITPOINT WARNING * * *
You bite Kirke!
Kirke is moderately wounded.
Kirke completely misses you. The hog misses you. The hog bites you!
* * * LOW HITPOINT WARNING * * *
The hog misses you.
You bite Kirke!
Kirke is moderately wounded.
The hog bites you.
You die...

.#...#....## ...
...........## ..
............# ##.
............#########..
............##.....##..
...........###.........
..#.......#.....##..
###.#####.......##..
#.hh# ##......##..
#..@hh# ##.....###.
#.......# #.....# ##
#..[....# #.....# #
#.......# #.....#
.......... ........
.##.......## #########
#.......#


You could see Kirke and 3 hogs.

Vanquished Creatures
  2 entropy weavers (Lair:6)
  3 hydras
  2 vault guards (D:13)
  A catoblepas (D:12)
  A death knight (D:13)
  A centaur warrior (D:15)
  An ogre mage (D:15)
  A queen ant (Lair:6)
  8 two-headed ogres
  A death yak (D:10)
  2 unseen horrors (D:14)
  2 skeletal warriors (D:13)
  A wolf spider (D:14)
  2 manticores
  A wolf spider zombie (D:15)
  20 ugly things
  5 cyclopes
  5 black mambas
  A gargoyle (D:14)
  5 spiny frogs
  A centaur skeleton (D:15)
  5 yaktaurs
  An efreet (D:15)
  A komodo dragon (shapeshifter) (D:13)
  2 ice devils (D:14)
  A freezing wraith (D:13)
  3 komodo dragons
  5 trolls
  A polar bear (Lair:6)
  4 hornets
  13 hippogriffs
  7 blink frogs
  2 meliai zombies
  8 slime creatures
  10 dream sheep (Lair:6)
  A snapping turtle (Lair:3)
  5 water elementals (D:14)
  2 shadows
  A wraith (D:13)
  14 spriggans (Lair:6)
  A vampire (D:13)
  9 humans (D:13)
  2 hogs (D:15)
  20 yaks
  4 wyverns
  A hungry ghost (D:13)
  21 soldier ants
  13 water moccasins
  7 porcupines
  11 orc warriors
  An eye of draining (D:10)
  9 ice beasts
  2 sky beasts
  An eye of draining (shapeshifter) (D:15)
  8 black bears
  3 necrophages
  2 phantoms (D:14)
  44 wolves
  3 boggarts (Lair:6)
  8 ogres
  3 centaurs
  10 crocodiles
  3 big kobolds
  17 bullfrogs
  A wyvern zombie (D:13)
  2 wyvern skeletons
  4 scorpions
  13 killer bees
  9 wights (D:11)
  5 electric eels
  8 crimson imps
  5 howler monkeys
  5 centaur zombies
  2 bullfrog zombies
  2 quasits
  4 hounds
  A jelly (shapeshifter) (D:15)
  9 orc priests
  4 jellies
  16 orc wizards
  3 bullfrog skeletons
  Jessica (D:10)
  Ijyb (D:5)
  2 iguanas
  28 worker ants
  A hound zombie (D:8)
  A hound skeleton (D:6)
  A worker ant zombie (D:9)
  A gnoll (D:1)
  12 adders
  2 shadow imps
  A white imp (D:10)
  4 oozes
  An adder zombie (D:7)
  An adder skeleton (D:4)
  4 worms
  5 dart slugs
  6 leopard geckos
  54 orcs
  4 bats (D:2)
  2 giant cockroaches (D:2)
  7 goblins
  7 hobgoblins
  11 jackals
  A quokka (D:6)
  A ball python skeleton (D:4)
  7 frilled lizards
  14 kobolds
  2 quokka zombies
  7 rats
  2 fungi
  2 plants
641 creatures vanquished.

Vanquished Creatures (collateral kills)
  Gastronok (Lair:3)
  A hydra (Lair:2)
  The ghost of Gadfly the Cleaver, a novice MiAK of Lugonu (D:10)
  A deep troll (D:10)
  A centaur skeleton (D:10)
  A yak (Lair:2)
  A porcupine (Lair:3)
  2 black bears
  An orc warrior (D:10)
  An orc (D:10)
11 creatures vanquished.

Vanquished Creatures (others)
  A vault guard (D:13)
  An ugly thing (D:15)
  3 fungi
5 creatures vanquished.

Grand Total: 657 creatures vanquished

Notes
Turn   | Place    | Note
-------+----------+-------------------------------------------
     0 | D:1      | Fang the Gargoyle Berserker began the quest for the Orb.
     0 | D:1      | Reached XP level 1. HP: 14/14 MP: 1/1
    90 | D:1      | Reached XP level 2. HP: 19/19 MP: 2/2
   154 | D:1      | Reached XP level 3. HP: 17/23 MP: 3/3
   844 | D:2      | Found a basalt altar of Yredelemnul.
   924 | D:2      | Reached ** piety under Trog
   952 | D:2      | Found an ornate altar of the Wu Jian Council.
   980 | D:2      | Found an iron altar of Okawaru.
  1200 | D:2      | Reached XP level 4. HP: 27/29 MP: 4/4
  1545 | D:2      | Found a snail-covered altar of Cheibriados.
  1713 | D:3      | Found a stormy altar of Qazlal.
  2074 | D:3      | Reached XP level 5. HP: 29/33 MP: 5/5
  2312 | D:4      | Found Qayggogra's General Store.
  2330 | D:4      | Found Lytz's Gadget Emporium.
  2431 | D:4      | Found Nostreqo's Food Shop.
  2446 | D:4      | Reached *** piety under Trog
  2524 | D:4      | Found Duepuz's Antique Armour Shop.
  2538 | D:4      | Found a shattered altar of Ashenzari.
  2605 | D:4      | Found Eleru's Antique Armour Boutique.
  2829 | D:5      | Entered Level 5 of the Dungeon
  2844 | D:5      | Reached XP level 6. HP: 39/39 MP: 6/6
  3153 | D:5      | Found a staircase to the Ecumenical Temple.
  3168 | D:5      | Noticed Ijyb
  3182 | D:5      | Killed Ijyb
  3388 | Temple   | Entered the Ecumenical Temple
  3457 | D:6      | Noticed a black bear
  3468 | D:6      | Killed a black bear
  3468 | D:6      | Reached skill level 5 in Fighting
  3468 | D:6      | Reached XP level 7. HP: 32/44 MP: 7/7
  3638 | D:6      | Found a blossoming altar of Fedhas.
  4074 | D:6      | Reached skill level 5 in Armour
  4354 | D:7      | Reached XP level 8. HP: 46/51 MP: 8/8
  4595 | D:7      | Reached skill level 5 in Axes
  5003 | D:7      | Found a roughly hewn altar of Beogh.
  5155 | D:8      | Reached **** piety under Trog
  5213 | D:8      | Noticed a two-headed ogre
  5218 | D:8      | Killed a two-headed ogre
  5218 | D:8      | Reached skill level 5 in Dodging
  5218 | D:8      | Reached XP level 9. HP: 57/57 MP: 9/9
  5325 | D:8      | Gained mutation: You do not regenerate when monsters are
                  | visible. [potion of mutation]
  5325 | D:8      | Gained mutation: Scrolls take you a little longer to read.
                  | [potion of mutation]
  5325 | D:8      | Gained mutation: You are somewhat resistant to further
                  | mutation. [potion of mutation]
  5326 | D:8      | Lost mutation: Scrolls take you a little longer to read.
                  | [potion of mutation]
  5326 | D:8      | Lost mutation: You are somewhat resistant to further
                  | mutation. [potion of mutation]
  5326 | D:8      | Lost mutation: You do not regenerate when monsters are
                  | visible. [potion of mutation]
  5326 | D:8      | Gained mutation: You are clumsy. (Dex -2) [potion of
                  | mutation]
  5326 | D:8      | Gained mutation: You are partially covered in large bone
                  | plates. (SH +4) [potion of mutation]
  5327 | D:8      | Lost mutation: You are partially covered in large bone
                  | plates. (SH +4) [potion of mutation]
  5327 | D:8      | Lost mutation: You are clumsy. (Dex -2) [potion of
                  | mutation]
  5327 | D:8      | Gained mutation: You are weak. (Str -2) [potion of
                  | mutation]
  5327 | D:8      | Lost mutation: You are weak. (Str -2) [potion of mutation]
  5454 | D:7      | HP: 1/59 [ice beast (14)]
  5927 | D:8      | Reached XP level 10. HP: 64/64 MP: 10/10
  6763 | D:8      | Found a glowing silver altar of Zin.
  6908 | D:8      | Found a blossoming altar of Fedhas.
  6908 | D:8      | Found a white marble altar of Elyvilon.
  6912 | D:8      | Reached ***** piety under Trog
  6934 | D:8      | Found a faded altar of an unknown god.
  6948 | D:8      | Found a faded altar of an unknown god.
  6950 | D:8      | Found an opulent altar of Gozag.
  7492 | D:9      | Noticed a two-headed ogre
  7496 | D:9      | Killed a two-headed ogre
  7830 | D:10     | Entered Level 10 of the Dungeon
  7865 | D:10     | Received a gift from Trog
  8185 | D:10     | Noticed a manticore
  8202 | D:10     | Reached XP level 11. HP: 69/71 MP: 11/11
  8217 | D:10     | Noticed a cyclops
  8224 | D:10     | Killed a cyclops
  8421 | D:10     | Killed a manticore
  8785 | D:10     | Found a staircase to the Orcish Mines.
  8939 | D:10     | Reached skill level 10 in Fighting
  8942 | D:10     | Noticed a death yak
  8955 | D:10     | HP: 1/108 [death yak (11)]
  8959 | D:10     | Killed a death yak
  9373 | D:10     | Found a runed translucent gate.
  9373 | D:10     | Found a runed translucent gate.
  9374 | D:10     | Found a runed translucent gate.
  9374 | D:10     | Noticed a deep troll
  9374 | D:10     | Noticed Gadfly's ghost (novice MiAK)
  9427 | D:10     | Found a staircase to the Lair.
  9533 | D:10     | Noticed Jessica
  9547 | D:10     | Found a deep blue altar of Sif Muna.
  9592 | D:10     | Killed Jessica
  9775 | D:10     | Reached skill level 10 in Armour
  9776 | D:10     | Killed a deep troll
  9778 | D:10     | Killed Gadfly's ghost
  9796 | D:10     | Got a vibrating marble ring
  9800 | D:10     | Identified the ring of Yesterday {Fire rElec} (You found it
                  | on level 10 of the Dungeon)
 10314 | D:11     | Received a gift from Trog
 10389 | D:11     | Noticed a manticore
 10401 | D:11     | Killed a manticore
 11085 | Lair:1   | Entered Level 1 of the Lair of Beasts
 11172 | Lair:1   | Got a dazzling cloak
 11178 | Lair:1   | Identified the +3 cloak of Leaves {rPois rC+ rCorr} (You
                  | found it on level 1 of the Lair of Beasts)
 11772 | Lair:1   | Reached XP level 12. HP: 76/79 MP: 12/12
 12301 | Lair:2   | Noticed a seven-headed hydra
 12309 | Lair:2   | Killed a nine-headed hydra
 12583 | Lair:2   | Found a runed translucent gate.
 12583 | Lair:2   | Found a runed translucent gate.
 12583 | Lair:2   | Found a runed translucent gate.
 12584 | Lair:2   | Noticed Fang's ghost (journeyman GrBe)
 12621 | Lair:2   | Found a hole to the Spider Nest.
 12825 | Lair:3   | Noticed a seven-headed hydra
 12837 | Lair:3   | Killed a 15-headed hydra
 13186 | Lair:3   | Noticed Gastronok
 13197 | Lair:3   | Killed Gastronok
 13459 | Lair:3   | Reached skill level 10 in Axes
 13520 | Lair:3   | Found a staircase to the Shoals.
 14038 | Lair:4   | Got a crude marble ring
 14090 | Lair:4   | Identified the ring "Coeggivao" {AC+5 Dex+8} (You found it
                  | on level 4 of the Lair of Beasts)
 15002 | Lair:5   | Found a staircase to the Slime Pits.
 15135 | Lair:5   | Reached XP level 13. HP: 86/86 MP: 13/13
 15530 | Lair:5   | Got a pitted battleaxe
 15531 | Lair:5   | Identified the +11 battleaxe "Ruokh" {chop, rPois} (You
                  | found it on level 5 of the Lair of Beasts)
 15790 | Lair:6   | Entered Level 6 of the Lair of Beasts
 15811 | Lair:6   | Noticed an entropy weaver
 15842 | Lair:6   | Killed an entropy weaver
 15855 | Lair:6   | Noticed an entropy weaver
 15881 | Lair:6   | Killed an entropy weaver
 15977 | Lair:6   | Received a gift from Trog
 16275 | Lair:6   | Reached skill level 10 in Dodging
 16373 | Lair:6   | Received a gift from Trog
 17600 | D:12     | Received a gift from Trog
 17600 | D:12     | Gained mutation: Your large and strong wings let you fly
                  | indefinitely. [Gargoyle growth]
 17600 | D:12     | Reached XP level 14. HP: 83/94 MP: 14/14
 17640 | D:12     | Found Owuif's Distillery.
 18237 | D:13     | Found a viscous altar of Jiyva.
 18568 | D:13     | Reached ****** piety under Trog
 18574 | D:13     | Received a gift from Trog
 18761 | D:13     | Found an iron altar of Okawaru.
 19171 | D:13     | Found a gate to the Vaults.
 19376 | D:14     | Found Xiej's Antique Weapon Shoppe.
 19855 | D:14     | Reached XP level 15. HP: 92/100 MP: 15/15
 19872 | D:14     | You are sucked into a shaft!
 19872 | D:15     | Entered Level 15 of the Dungeon
 20037 | D:15     | Noticed Kirke
 20039 | D:15     | Received a gift from Trog
 21096 | D:15     | Found a staircase to the Depths.
 21242 | D:15     | Received a gift from Trog
 21245 | D:15     | HP: 3/151 [hog[Kirke] (7)]
 21246 | D:15     | Slain by a hog

Skill      XL: |  1  2  3  4  5  6  7  8  9 10 11 12 13 14 |
---------------+-------------------------------------------+-----
Axes           | 3 4 6 8 9 10 11 12 | 12.6
Dodging        | 2 3 5 6 7 8 9 10 11 | 11.6
Armour         | 3 4 5 6 7 9 10 11 12 14 | 14.5
Fighting       | 4 5 7 8 9 10 12 13 14 | 14.6

Action                   |  1- 3 |  4- 6 |  7- 9 | 10-12 | 13-15 || total
-------------------------+-------+-------+-------+-------+-------++-------
Melee: Hand axe          |   108 |   297 |   135 |       |       ||   540
       Battleaxe         |       |       |   171 |   701 |   679 ||  1551
       Unarmed           |       |       |       |       |     9 ||     9
Invok: Berserk           |     1 |     1 |     4 |     8 |     5 ||    19
       Trog's Hand       |       |       |     1 |       |       ||     1
       Brothers in Arms  |       |       |       |     4 |     1 ||     5
 Abil: Fly               |       |       |       |       |     1 ||     1
  Use: Scroll            |       |       |    18 |     9 |     4 ||    31
       Potion            |       |       |     4 |       |     1 ||     5
  Eat: Chunk             |     2 |     6 |    12 |    39 |    23 ||    82
       Ration            |       |     1 |       |       |     1 ||     2
Armor: Animal skin       |    35 |    14 |       |       |       ||    49
       Plate armour      |       |   215 |   280 |   899 |   627 ||  2021
Dodge: Dodged            |    83 |   123 |   148 |   564 |   614 ||  1532
